[Event "ICC tourney 2132 (75 10)"]
[Site "Internet Chess Club"]
[Date "2020.11.15"]
[Round "4"]
[White "Kausy"]
[Black "mikoyansuren"]
[Result "0-1"]
[ICCResult "White checkmated"]
[WhiteElo "1759"]
[BlackElo "1982"]
[Opening "Sicilian: Anderssen variation"]
[ECO "B41"]
[NIC "SI.41"]
[Time "10:01:42"]
[TimeControl "4500+10"]

1. e4 c5 2. Nf3 e6 3. d4 cxd4 4. Nxd4 Nf6 5. Nc3 Nc6 6. Ndb5 Bc5 7. Nd6+ Ke7
8. Nxc8+ Rxc8 9. Bd3 Re8 10. O-O Kf8 11. Bf4 Kg8 12. e5 Nd5 13. Nxd5 exd5
14. Qh5 g6 15. Qf3 Nxe5 16. Qxd5 Nxd3 17. Qxd3 Qf6 18. Bg3 Qxb2 19. Qxd7
Red8 20. Qa4 Bb6 21. Rac1 Rd2 22. Qe4 Qxa2 23. Qxb7 Rcxc2 24. Rce1 Rd8 25.
Re7 Rxf2 26. Ree1 Rxf1+ 27. Kxf1 Qc4+ 28. Re2 Rd1+ 29. Be1 Rxe1+ 30. Kxe1
Qc1# {White checkmated} 0-1

[Event "ICC tourney 2132 (75 10)"]
[Site "Internet Chess Club"]
[Date "2020.11.15"]
[Round "4"]
[White "soggydollar"]
[Black "vvguys"]
[Result "1/2-1/2"]
[ICCResult "Game drawn by mutual agreement"]
[WhiteElo "1804"]
[BlackElo "1568"]
[Opening "Sicilian: Taimanov variation"]
[ECO "B48"]
[NIC "SI.40"]
[Time "10:01:42"]
[TimeControl "4500+10"]

1. e4 c5 2. Nf3 Nc6 3. d4 cxd4 4. Nxd4 e6 5. Nc3 Qc7 6. Be3 a6 7. a3 d6 8.
Be2 Bd7 9. O-O Nf6 10. f4 Be7 11. Qe1 O-O 12. Qf2 Nxd4 13. Bxd4 e5 14. fxe5
dxe5 15. Be3 Bc6 16. Bf3 b5 17. Rfd1 Qb7 18. Nd5 Rfe8 19. g3 Rad8 20. Nxe7+
Qxe7 21. Bg5 h6 22. Bxf6 Qxf6 23. Bg2 Qxf2+ 24. Kxf2 Kf8 25. g4 g5 26. Ke2
Ke7 27. Rxd8 Rxd8 28. Rd1 Rxd1 29. Kxd1 Kd6 30. Kd2 Kc5 31. Kc3 a5 32. b4+
axb4+ 33. axb4+ Kd6 34. Kd3 Kc7 35. Ke3 Kd6 36. Bf1 Kc7 37. c4 Kb6 38. Bd3
f6 39. h3 Bd7 40. Kd2 Be6 41. cxb5 Bf7 42. Kc3 Be6 43. Bc4 Bd7 44. Bf1 Be6
45. Be2 Bf7 46. Bc4 Be8 47. Bd5 Bxb5 48. Bc4 Bc6 49. Bd3 Bd7 50. Kb3 Be8 51.
Bc4 Bd7 52. Ka3 Be8 53. Be6 Bb5 54. Bf5 Bf1 55. Kb3 Bb5 56. Bc8 Kc7 57. Be6
Kb6 58. Kc3 Ba6 59. Bd7 Bb7 60. Bf5 {Game drawn by mutual agreement} 1/2-1/2

[Event "ICC tourney 2132 (75 10)"]
[Site "Internet Chess Club"]
[Date "2020.11.15"]
[Round "4"]
[White "amandapati"]
[Black "kittycat35"]
[Result "1-0"]
[ICCResult "Black resigns"]
[WhiteElo "2067"]
[BlackElo "1705"]
[Opening "Trompowsky attack (Ruth, Opocenský opening)"]
[ECO "A45"]
[NIC "QP.07"]
[Time "10:01:49"]
[TimeControl "4500+10"]

1. d4 Nf6 2. Bg5 e6 3. e3 d5 4. Bd3 h6 5. Bxf6 Qxf6 6. Nf3 Bd6 7. Nc3 a6 8.
O-O Nc6 9. e4 dxe4 10. Nxe4 Qe7 11. c4 Qd8 12. d5 exd5 13. cxd5 Ne7 14. Qa4+
Qd7 15. Nxd6+ cxd6 16. Qe4 f5 17. Qe3 O-O 18. Rfe1 Ng6 19. Re2 b5 20. Nd4
Ne5 21. Ne6 Rf6 22. Rc1 Ra7 23. Rec2 Nxd3 24. Rxc8+ Kh7 25. Qxd3 Qe7 26. Qc3
a5 27. Qe3 Kg6 28. Rh8 f4 29. Qd3+ Rf5 30. Rf8 {Black resigns} 1-0

[Event "ICC tourney 2132 (75 10)"]
[Site "Internet Chess Club"]
[Date "2020.11.15"]
[Round "4"]
[White "Otelo"]
[Black "VincentT2008"]
[Result "1-0"]
[ICCResult "Black resigns"]
[WhiteElo "2055"]
[BlackElo "1746"]
[Opening "English opening"]
[ECO "A05"]
[NIC "QP.11"]
[Time "10:01:54"]
[TimeControl "4500+10"]

1. Nf3 Nf6 2. c4 g6 3. g3 Bg7 4. Bg2 d6 5. O-O O-O 6. Nc3 Nc6 7. Rb1 a6 8.
b4 Rb8 9. a4 e5 10. d3 Bd7 11. Qc2 Qc8 12. Re1 Bh3 13. Bh1 Re8 14. Nd5 Nxd5
15. cxd5 Nd4 16. Nxd4 exd4 17. Bb2 Qd7 18. b5 h5 19. Qc4 axb5 20. axb5 Ra8
21. Bxd4 Bxd4 22. Qxd4 Ra2 23. e4 h4 24. Rec1 hxg3 25. hxg3 Re5 26. Qc4 Re2
27. d4 R5xe4 28. Bxe4 Rxe4 29. Re1 Qg4 30. Qc3 Rxd4 31. f4 Kh7 32. Re8 Rd1+
33. Rxd1 Qxd1+ 34. Kh2 f6 35. Qxc7+ {Black resigns} 1-0

[Event "ICC tourney 2132 (75 10)"]
[Site "Internet Chess Club"]
[Date "2020.11.15"]
[Round "4"]
[White "cdj12417489"]
[Black "abi2009"]
[Result "1/2-1/2"]
[ICCResult "Game drawn by mutual agreement"]
[WhiteElo "1273"]
[BlackElo "1717"]
[Opening "Giuoco Pianissimo"]
[ECO "C50"]
[NIC "IG.02"]
[Time "10:01:46"]
[TimeControl "4500+10"]

1. e4 e5 2. Nf3 Nc6 3. Bc4 Bc5 4. d3 d6 5. h3 h6 6. Qe2 Nf6 7. Be3 Bxe3 8.
fxe3 O-O 9. a3 Be6 10. Nc3 Bxc4 11. dxc4 a5 12. g4 Nd7 13. O-O-O Nc5 14. h4
g6 15. Qh2 a4 16. g5 h5 17. Nd5 Nxe4 18. Nd2 Nxd2 19. Rxd2 Na5 20. Nf6+ Kg7
21. Qe2 Qe7 22. Nd5 Qd7 23. Nf6 Qe6 24. Nd5 Rac8 25. Rf1 c6 26. Rf6 cxd5 27.
Rxe6 fxe6 28. cxd5 Nb3+ 29. Kb1 Nxd2+ 30. Qxd2 Rf1+ 31. Ka2 exd5 32. c3 Rc5
33. Qe2 Rf8 {Game drawn by mutual agreement} 1/2-1/2

[Event "ICC tourney 2132 (75 10)"]
[Site "Internet Chess Club"]
[Date "2020.11.15"]
[Round "4"]
[White "loveEdinburgh"]
[Black "dabpacman"]
[Result "1/2-1/2"]
[ICCResult "Game drawn by mutual agreement"]
[WhiteElo "1840"]
[BlackElo "1461"]
[Opening "Benkö gambit accepted"]
[ECO "A58"]
[NIC "BI.45"]
[Time "10:01:39"]
[TimeControl "4500+10"]

1. d4 Nf6 2. c4 c5 3. d5 b5 4. cxb5 a6 5. bxa6 g6 6. Nc3 Bg7 7. e4 d6 8. Nf3
Nbd7 9. Bd2 O-O 10. Qc2 Bxa6 11. Bxa6 Rxa6 12. O-O Ng4 13. a4 Qb6 14. Nb5
Rc8 15. h3 Ngf6 16. Bc3 Ne8 17. Bxg7 Kxg7 18. Qc3+ f6 19. Nfd4 Rca8 20. Ne6+
Kf7 21. b3 Nf8 22. Nf4 Nc7 23. Na3 Rb8 24. Rab1 Qa7 25. Nc4 Rb7 26. Rb2 Nd7
27. Nd3 Nb6 28. Na3 Qb8 {Game drawn by mutual agreement} 1/2-1/2

[Event "ICC tourney 2132 (75 10)"]
[Site "Internet Chess Club"]
[Date "2020.11.15"]
[Round "4"]
[White "Goldenmaknae"]
[Black "DanielA1926"]
[Result "1/2-1/2"]
[ICCResult "Game drawn by mutual agreement"]
[WhiteElo "1879"]
[BlackElo "1559"]
[Opening "King's Indian: 5.Nf3"]
[ECO "E90"]
[NIC "KI.22"]
[Time "10:01:42"]
[TimeControl "4500+10"]

1. d4 g6 2. c4 Bg7 3. Nc3 Nf6 4. e4 d6 5. Nf3 Bg4 6. Be2 Nbd7 7. Be3 O-O 8.
h3 Bxf3 9. Bxf3 e5 10. d5 a5 11. h4 Nc5 12. h5 gxh5 13. Qe2 a4 14. O-O-O a3
15. b3 c6 16. dxc6 Qa5 17. Kc2 bxc6 18. Rxd6 Ne6 19. Rxc6 Nd4+ 20. Bxd4 exd4
21. Nb5 Nd7 22. Rd6 Nc5 23. Nxd4 Rad8 24. Rxd8 Rxd8 25. Nb5 Nxb3 26. Kxb3
Rd2 27. Qxd2 Qxd2 {Game drawn by mutual agreement} 1/2-1/2

[Event "ICC tourney 2132 (75 10)"]
[Site "Internet Chess Club"]
[Date "2020.11.15"]
[Round "4"]
[White "mopaska1106"]
[Black "mancogu"]
[Result "1-0"]
[ICCResult "Black resigns"]
[WhiteElo "1929"]
[BlackElo "1598"]
[Opening "QGD: exchange, positional line, 6.Qc2"]
[ECO "D36"]
[NIC "QO.16"]
[Time "10:01:39"]
[TimeControl "4500+10"]

1. d4 d5 2. c4 e6 3. Nc3 Nf6 4. cxd5 exd5 5. Bg5 c6 6. Qc2 Be7 7. e3 Nbd7 8.
Bd3 h6 9. Bf4 Nf8 10. Nge2 Ne6 11. Be5 Bd6 12. Bxd6 Qxd6 13. f3 b6 14. O-O
O-O 15. Ng3 Nc7 16. Rad1 Be6 17. Rfe1 Rac8 18. Bf5 Rfe8 19. e4 Qf8 20. e5
Nd7 21. f4 g6 22. Bxe6 Rxe6 23. f5 gxf5 24. Nce2 c5 25. Nf4 Ree8 26. Nxf5
Ne6 27. Nxd5 Nxd4 28. Nxd4 cxd4 29. Qf5 Re6 30. Nf6+ Nxf6 31. exf6 Rxe1+ 32.
Rxe1 Qc5 33. Qg4+ Qg5 34. Qxc8+ {Black resigns} 1-0

[Event "ICC tourney 2132 (75 10)"]
[Site "Internet Chess Club"]
[Date "2020.11.15"]
[Round "4"]
[White "HarleyQueen8"]
[Black "DrBoler"]
[Result "1-0"]
[ICCResult "Black resigns"]
[WhiteElo "1885"]
[BlackElo "129"]
[Opening "Nimzo-Indian: classical variation"]
[ECO "E32"]
[NIC "NI.20"]
[Time "10:01:41"]
[TimeControl "4500+10"]

1. d4 Nf6 2. c4 e6 3. Nc3 Bb4 4. Qc2 O-O 5. a3 Bxc3+ 6. Qxc3 b6 7. Bg5 h6 8.
Bh4 Bb7 9. f3 d5 10. e3 Nbd7 11. Bd3 dxc4 12. Bxc4 Rc8 13. Qd3 c5 14. Ne2
Qe7 15. O-O Rfd8 16. Qb3 g5 17. Bg3 Nh5 18. Bf2 cxd4 19. Nxd4 Nc5 20. Qa2
Qf6 21. b4 Nd7 22. Bxe6 fxe6 23. Nxe6 Kh8 24. Nxd8 Rxd8 25. Rad1 Ne5 26.
Rxd8+ Qxd8 27. Qe6 Qf6 28. Qe8+ Kg7 29. Qxh5 Nd3 30. Qg4 Nxf2 31. Qd7+ Qf7
32. Qxf7+ Kxf7 33. Kxf2 Ke6 34. Rd1 Bd5 35. e4 Bc4 36. Rd8 Kf6 37. Ra8
{Black resigns}
1-0

[Event "ICC tourney 2132 (75 10)"]
[Site "Internet Chess Club"]
[Date "2020.11.15"]
[Round "4"]
[White "wangfang75"]
[Black "SupaHotFiya"]
[Result "1/2-1/2"]
[ICCResult "Game drawn by mutual agreement"]
[WhiteElo "1849"]
[BlackElo "1967"]
[Opening "Robatsch defense: Geller's system"]
[ECO "B06"]
[NIC "KF.05"]
[Time "10:02:23"]
[TimeControl "4500+10"]

1. e4 g6 2. d4 Bg7 3. Nf3 d6 4. c3 Nf6 5. Bd3 O-O 6. O-O Nc6 7. Bf4 Nh5 8.
Bg5 h6 9. Bd2 e5 10. d5 Ne7 11. Na3 Bd7 12. c4 Qe8 13. Nb5 Qd8 14. Qc1 Kh7
15. c5 Bxb5 16. Bxb5 f5 17. exf5 gxf5 18. c6 b6 19. Bc4 Nf6 20. Nh4 Nfxd5
21. Bxd5 Nxd5 22. Nxf5 Rxf5 23. Qc2 Qf6 24. g4 Ne7 25. gxf5 Nxf5 26. Qe4 d5
27. Qb1 e4 28. Kh1 Kh8 29. f3 e3 30. Bc3 d4 31. Be1 Ne7 32. Qe4 Rd8 33. Bh4
Qxc6 34. Bxe7 Qxe4 35. fxe4 Re8 36. Bf6 Rxe4 37. Bxg7+ Kxg7 38. Kg2 c5 39.
Kf3 Rh4 40. Rg1+ Kf6 41. Raf1 Ke5 42. Kg3 Rh5 43. h4 Ke4 44. Rf4+ Kd3 45. b4
e2 46. Kf2 Re5 47. bxc5 bxc5 48. Ke1 Kc2 49. Rg3 Rd5 50. Kxe2 d3+ 51. Ke3 d2
52. Rc4+ Kb1 53. Rg1+ d1=Q 54. Rxd1+ Rxd1 55. Rxc5 Kxa2
{Game drawn by mutual agreement}
1/2-1/2

[Event "ICC tourney 2132 (75 10)"]
[Site "Internet Chess Club"]
[Date "2020.11.15"]
[Round "4"]
[White "ashay7"]
[Black "Yucheng"]
[Result "1-0"]
[ICCResult "Black resigns"]
[WhiteElo "1971"]
[BlackElo "1868"]
[Opening "Scotch: Potter variation"]
[ECO "C45"]
[NIC "SO.05"]
[Time "10:01:38"]
[TimeControl "4500+10"]

1. e4 e5 2. Nf3 Nc6 3. d4 exd4 4. Nxd4 Bc5 5. Nb3 Bb6 6. Nc3 Nge7 7. Bg5 h6
8. Bh4 g5 9. Bg3 h5 10. h4 g4 11. Qd2 d6 12. O-O-O Be6 13. Nd5 Ng6 14. f4
gxf3 15. gxf3 Nge5 16. Be2 Bxd5 17. exd5 Ne7 18. Qc3 N7g6 19. f4 Nd7 20. Bd3
Qf6 21. Rde1+ Kf8 22. Qxf6 Nxf6 23. f5 Ne7 24. c4 Re8 25. Bf4 Ng4 26. Bc2
Nc8 27. Rxe8+ Kxe8 28. Re1+ Kd8 29. f6 Bf2 30. Rh1 Be3+ 31. Bxe3 Nxe3 32.
Na5 Nb6 33. Bd3 Ng4 34. Bf5 Nxf6 35. Re1 Nbd7 36. Nxb7+ Kc8 37. Na5 Re8 38.
Rxe8+ Nxe8 39. Nc6 Nf6 40. Kd2 Kb7 41. Nd8+ Kb6 42. Nxf7 Kc5 43. Kc3 a5 44.
b3 Nf8 45. Nd8 N8d7 46. Nc6 Kb6 47. Kd4 Nc5 48. Ke3 Na6 49. Kf4 Nb4 50. Nxb4
axb4 51. Kg5 {Black resigns} 1-0

[Event "ICC tourney 2132 (75 10)"]
[Site "Internet Chess Club"]
[Date "2020.11.15"]
[Round "4"]
[White "agrimjax1"]
[Black "MacAndSneeze"]
[Result "1-0"]
[ICCResult "Black checkmated"]
[WhiteElo "1461"]
[BlackElo "1525"]
[Opening "Sicilian: Najdorf, Byrne (English) attack"]
[ECO "B90"]
[NIC "SI.14"]
[Time "10:01:44"]
[TimeControl "4500+10"]

1. e4 c5 2. Nf3 d6 3. Nc3 Nf6 4. d4 cxd4 5. Nxd4 a6 6. Be3 e6 7. Bc4 b5 8.
Bd3 Bb7 9. a3 Nbd7 10. Nf3 Nc5 11. Bxc5 dxc5 12. e5 Nd5 13. Nxd5 Bxd5 14.
O-O c4 15. Be2 Bc5 16. c3 Qb6 17. Qc2 h6 18. Rad1 Qb7 19. a4 O-O 20. axb5
axb5 21. Qd2 Ra2 22. Ne1 Rfa8 23. Bf3 Rd8 24. Qc1 b4 25. Bxd5 exd5 26. Qb1
b3 27. Nf3 Rda8 28. Qc1 Qa7 29. h3 Qb7 30. Nd4 Bxd4 31. Rxd4 Qa6 32. Rdd1
Qe6 33. Rfe1 Qf5 34. Re2 R8a5 35. g4 Qg5 36. f4 Qe7 37. Qd2 Qa7+ 38. Qd4 Ra1
39. Kg2 Rxd1 40. Qxd1 Qa8 41. Kg3 Ra1 42. Qd4 Qa7 43. Qxd5 Qg1+ 44. Qg2
Qxg2+ 45. Rxg2 Kf8 46. h4 Rc1 47. g5 h5 48. Kf3 Ke7 49. g6 f6 50. exf6+ Kxf6
51. Ke3 Ke6 52. Rd2 Rb1 53. Kd4 Rc1 54. Kxc4 Rc2 55. Kd3 Rc1 56. Re2+ Kf6
57. Kd2 Rc2+ 58. Kd1 Rxe2 59. Kxe2 Kxg6 60. Ke3 Kf5 61. c4 Kg4 62. Ke4 Kxh4
63. Kf3 Kh3 64. c5 g5 65. fxg5 Kh2 66. g6 h4 67. g7 h3 68. Ke4 Kh1 69. c6
Kh2 70. c7 Kh1 71. c8=Q h2 72. Qc1+ Kg2 73. g8=Q+ Kh3 74. Qh6#
{Black checkmated}
1-0

[Event "ICC tourney 2132 (75 10)"]
[Site "Internet Chess Club"]
[Date "2020.11.15"]
[Round "4"]
[White "IAlwaysWin"]
[Black "Jim1108"]
[Result "0-1"]
[ICCResult "White checkmated"]
[WhiteElo "1959"]
[BlackElo "1798"]
[Opening "English opening"]
[ECO "A05"]
[NIC "QP.11"]
[Time "10:02:08"]
[TimeControl "4500+10"]

1. Nf3 Nf6 2. c4 g6 3. g3 Bg7 4. Bg2 O-O 5. O-O c6 6. Nc3 d6 7. d3 Qa5 8.
Rb1 Qh5 9. Re1 Bh3 10. Bh1 Nbd7 11. b4 Ng4 12. Qc2 Rab8 13. a4 a6 14. Rd1 b5
15. axb5 axb5 16. Qb3 bxc4 17. dxc4 c5 18. b5 Nb6 19. Nd5 Nxd5 20. Rxd5 Ne5
21. Rd2 Be6 22. Nxe5 Bxe5 23. Bb2 Qg4 24. Rc1 Bxb2 25. Rxb2 h5 26. Bf3 Qg5
27. Ra1 h4 28. b6 hxg3 29. hxg3 f5 30. Kg2 f4 31. b7 fxg3 32. fxg3 Kf7 33.
Ra8 Qh6 34. g4 Rh8 35. Kf2 Qh4+ 36. Ke3 Qg5+ 37. Kd3 Bxg4 38. Rxb8 Rxb8 39.
Bd5+ e6 40. Qb6 Bf5+ 41. Kc3 Qe3# {White checkmated} 0-1

[Event "ICC tourney 2132 (75 10)"]
[Site "Internet Chess Club"]
[Date "2020.11.15"]
[Round "4"]
[White "xyzchessdude"]
[Black "CoarseCrown"]
[Result "1/2-1/2"]
[ICCResult "Game drawn by mutual agreement"]
[WhiteElo "2002"]
[BlackElo "1762"]
[Opening "English opening"]
[ECO "A05"]
[NIC "QP.11"]
[Time "10:01:42"]
[TimeControl "4500+10"]

1. Nf3 Nf6 2. c4 e6 3. g3 Be7 4. Bg2 O-O 5. O-O c5 6. b3 Nc6 7. Bb2 d5 8. e3
d4 9. exd4 cxd4 10. Re1 Bc5 11. Ne5 Nxe5 12. Rxe5 Qd6 13. Rxc5 Qxc5 14. Ba3
Qf5 15. Bxf8 Kxf8 16. d3 Ng4 17. Qe2 Rb8 18. Nd2 b5 19. Ne4 bxc4 20. bxc4
Qg6 21. Nc5 Qh5 22. h3 Qxc5 23. Qxg4 Rb2 24. Qh4 g6 25. Qxh7 Qe5 26. Be4 Bb7
27. Bxb7 Rxb7 28. Qh6+ Ke8 29. Qd2 Qf5 30. Kg2 Qc5 31. Rc1 Qa3 32. Rc2 a5
33. c5 Rc7 34. c6 Qa4 35. Rc4 Qb5 36. Qf4 e5 37. Qf6 Qd5+ 38. Qf3 Qd6 39. g4
Kd8 40. h4 Re7 41. c7+ Rxc7 42. Qa8+ Ke7 43. Rxc7+ Qxc7 44. Qd5 f6 45. h5
gxh5 46. gxh5 Qc8 47. Qf3 Qg8+ 48. Qg3 Qxg3+ 49. Kxg3 f5 50. f4 e4 51. dxe4
fxe4 52. f5 Kf6 53. h6 d3 54. Kf2 d2 55. Ke2 e3 56. a4 Kf7 57. Kd1
{Game drawn by mutual agreement}
1/2-1/2

[Event "ICC tourney 2132 (75 10)"]
[Site "Internet Chess Club"]
[Date "2020.11.15"]
[Round "4"]
[White "corviknight"]
[Black "atevifred"]
[Result "0-1"]
[ICCResult "White checkmated"]
[WhiteElo "1797"]
[BlackElo "1901"]
[Opening "Caro-Kann: exchange, Rubinstein variation"]
[ECO "B13"]
[NIC "CK.02"]
[Time "10:01:41"]
[TimeControl "4500+10"]

1. e4 c6 2. d4 d5 3. exd5 cxd5 4. Bd3 Nf6 5. c3 Nc6 6. Bf4 Bg4 7. Qb3 Na5 8.
Qa4+ Bd7 9. Qc2 Rc8 10. Nf3 Qb6 11. O-O e6 12. Nbd2 Nc4 13. Bxc4 dxc4 14.
Rae1 Nd5 15. Bg3 f6 16. Nh4 Be7 17. f4 O-O 18. Kh1 Bd6 19. Ne4 f5 20. Nxd6
Qxd6 21. Nf3 Nf6 22. Ne5 Be8 23. Bh4 Ne4 24. Rd1 Nf6 25. b3 b5 26. bxc4 bxc4
27. Qe2 Bh5 28. Nf3 Nd5 29. Qd2 Qxf4 30. Qxf4 Nxf4 31. Rde1 Nd5 32. Rxe6
Nxc3 33. Ne5 Ne2 34. d5 c3 35. Nc6 Rc7 36. Bg5 h6 37. Bc1 Rb7 38. Ba3 Re8
39. Ne7+ Kh7 40. d6 c2 41. Bc1 Nxc1 42. Rxc1 Bd1 43. Re1 Rd7 44. Rexd1
cxd1=Q+ 45. Rxd1 Rexe7 46. Rf1 Rf7 47. h3 Kg6 48. Kh2 Rf6 49. Kg1 Rfxd6 50.
a3 Ra6 51. a4 Rxa4 52. Kh2 Ra2 53. Rh1 Rdd2 54. Rg1 a5 55. Kh1 f4 56. h4 h5
57. Kh2 a4 58. Kh1 a3 59. Kh2 Rab2 60. Kh3 Rd3+ 61. Kh2 a2 62. Kh1 Rb1 63.
g4 Rxg1+ 64. Kxg1 a1=Q+ 65. Kf2 Qb2+ 66. Kg1 Rd1# {White checkmated} 0-1

[Event "ICC tourney 2132 (75 10)"]
[Site "Internet Chess Club"]
[Date "2020.11.15"]
[Round "4"]
[White "AJ2000"]
[Black "Concordborn"]
[Result "1/2-1/2"]
[ICCResult "White stalemated"]
[WhiteElo "1660"]
[BlackElo "1738"]
[Opening "Sicilian: Prins (Moscow) variation"]
[ECO "B55"]
[NIC "SI.01"]
[Time "10:01:46"]
[TimeControl "4500+10"]

1. e4 c5 2. Nf3 d6 3. d4 cxd4 4. Nxd4 Nf6 5. f3 e5 6. Nb3 Nxe4 7. fxe4 Qh4+
8. Kd2 Qxe4 9. Qf3 Qb4+ 10. Nc3 Nc6 11. Bb5 Bd7 12. Qe4 Qxe4 13. Nxe4 d5 14.
Nec5 Bc8 15. Re1 Bd6 16. Ke2 O-O 17. Kf2 Nd4 18. Bd3 e4 19. Nxe4 dxe4 20.
Bxe4 Ne6 21. Be3 a5 22. Rad1 Bc7 23. Nc5 a4 24. b3 axb3 25. axb3 Rb8 26. g3
b5 27. Nd7 Bxd7 28. Rxd7 b4 29. Red1 Be5 30. Ra7 Rfd8 31. Rdd7 Rxd7 32. Rxd7
g6 33. Bd5 Rc8 34. Bc4 Rc7 35. Rxc7 Nxc7 36. Bf4 Bd4+ 37. Ke2 Na8 38. Kd3
Bg1 39. h3 Nb6 40. Be3 Bxe3 41. Kxe3 Nxc4+ 42. bxc4 f6 43. c5 Kf7 44. Kd4
Ke6 45. Kc4 Kd7 46. Kxb4 Kc6 47. Kc4 h5 48. Kd4 g5 49. Ke4 Kxc5 50. Kf5 g4
51. h4 Kd4 52. Kxf6 Ke3 53. Kg5 Kf3 54. Kxh5 Kxg3 55. c4 Kf4 56. c5 g3 57.
c6 g2 58. c7 g1=Q 59. c8=Q Qd1+ 60. Kh6 Qd6+ 61. Kh5 Qe5+ 62. Kh6 Qf6+ 63.
Kh5 Qf7+ 64. Kh6 Qf6+ 65. Kh5 Qf5+ 66. Qxf5+ Kxf5 67. Kh6 Kf6 68. h5 Kf7 69.
Kh7 Kf8 70. h6 Kf7 71. Kh8 Kf8 72. Kh7 Kf7 73. Kh8 Kf8 74. Kh7 Kf7 75. Kh8
Kf8 76. h7 Kf7 {White stalemated} 1/2-1/2

[Event "ICC tourney 2132 (75 10)"]
[Site "Internet Chess Club"]
[Date "2020.11.15"]
[Round "4"]
[White "sujashankar"]
[Black "SBomm18"]
[Result "0-1"]
[ICCResult "White checkmated"]
[WhiteElo "1680"]
[BlackElo "1926"]
[Opening "Sicilian"]
[ECO "B50"]
[NIC "SI.01"]
[Time "10:01:46"]
[TimeControl "4500+10"]

1. e4 c5 2. Nf3 d6 3. c3 Nf6 4. h3 Nc6 5. Bd3 g6 6. Bc2 Bg7 7. O-O O-O 8. d4
cxd4 9. cxd4 Bd7 10. a3 Na5 11. Nc3 Rc8 12. Qe2 h6 13. Bf4 Nc4 14. Bb3 b5
15. a4 Na5 16. Bc2 b4 17. Nd1 g5 18. Bh2 Be6 19. d5 Bd7 20. e5 dxe5 21. Bxe5
Nc4 22. Bxf6 exf6 23. Qd3 f5 24. Rb1 Re8 25. Ne3 Nxe3 26. fxe3 Qb6 27. Nd4
f4 28. Qh7+ Kf8 29. Kh1 Rxe3 30. Nf5 Bxf5 31. Qxf5 Qc5 32. Be4 Re8 33. Bf3
Kg8 34. Bh5 Qe7 35. Rbd1 Re5 36. Qd3 Rd8 37. Qc4 Re4 38. Qb3 Qd6 39. Bg4 Re5
40. Bf3 Rc8 41. Rc1 Rxc1 42. Rxc1 Qe7 43. Qd1 Bf8 44. Kh2 f5 45. Rc6 g4 46.
Bxg4 Qh4 47. Rg6+ Kh7 48. Bh5 Bd6 49. Qd4 Qe7 50. Rxd6 Qxd6 51. Qxa7+ Re7
52. Qf2 Rc7 53. Bf3 Qe5 54. a5 Qe3 55. Qxe3 fxe3 56. d6 Ra7 57. Kg3 Kg6 58.
Kf4 Kf6 59. Kxe3 Ke5 60. Kd3 Kxd6 61. Kc4 Rxa5 62. Kxb4 Re5 63. Ka4 Kc5 64.
b3 Re1 65. Ka3 Re7 66. Ka2 Kb4 67. Kb2 Re3 68. Kc2 Rxb3 69. Kd2 Kc4 70. Ke2
Kd4 71. Kf2 f4 72. Bh5 Ke5 73. Bg4 Kf6 74. Bh5 Kg5 75. Bg4 Kh4 76. Be6 Rc3
77. Bf5 Kg5 78. Bg4 Rg3 79. Bf3 Kf5 80. Bd5 h5 81. Ba8 Re3 82. Bf3 h4 83.
Bb7 Ra3 84. Bd5 Ke5 85. Bc6 Kd4 86. Bb7 Re3 87. Bc6 Rc3 88. Bb7 Kc4 89. Be4
Kb3 90. Bd5+ Kb2 91. Be4 Kc1 92. Bd5 Kd2 93. Bb7 Re3 94. Bc6 Rg3 95. Bd5 Kc3
96. Bc6 Kd4 97. Bb7 Rb3 98. Bc6 Ke5 99. Ba8 f3 100. Bxf3 Kf4 101. Ke2 Rb2+
102. Kd3 Kg3 103. Ke3 Rb8 104. Bc6 Rc8 105. Bb7 Re8+ 106. Be4 Re7 107. Kd3
Kf2 108. Ba8 Re3+ 109. Kd4 Rg3 110. Ke5 Kg1 111. Kf4 Kh2 112. Bf3 Rg7 113.
Kf5 Rg8 114. Kf4 Rg3 115. Kf5 Rxf3+ 116. gxf3 Kxh3 117. Kg5 Kg3 118. f4 h3
119. f5 h2 120. f6 h1=Q 121. f7 Qa8 122. Kf6 Qf8 123. Ke6 Kg4 124. Kf6 Kh5
125. Ke6 Kg6 126. Ke5 Qxf7 127. Ke4 Qf5+ 128. Ke3 Kg5 129. Kd4 Qe6 130. Kd3
Qe5 131. Kd2 Qe4 132. Kc3 Qd5 133. Kc2 Qd4 134. Kb3 Qc5 135. Kb2 Qc4 136.
Ka3 Qb5 137. Ka2 Kf4 138. Ka3 Ke3 139. Ka2 Kd2 140. Ka3 Kc2 141. Ka2 Qa4#
{White checkmated}
0-1

[Event "ICC tourney 2132 (75 10)"]
[Site "Internet Chess Club"]
[Date "2020.11.15"]
[Round "4"]
[White "matthewrex"]
[Black "Zuiopal"]
[Result "1-0"]
[ICCResult "Black checkmated"]
[WhiteElo "1787"]
[BlackElo "1661"]
[Opening "QGD: 3...Nf6"]
[ECO "D35"]
[NIC "QO.16"]
[Time "10:01:53"]
[TimeControl "4500+10"]

1. d4 Nf6 2. c4 e6 3. Nc3 d5 4. e3 Be7 5. Bd3 O-O 6. Nf3 Nbd7 7. O-O c5 8.
cxd5 exd5 9. dxc5 Nxc5 10. Be2 b6 11. a3 Bb7 12. b4 Ne6 13. Bb2 Rc8 14. Nb5
a6 15. Nbd4 g6 16. Bd3 Qd6 17. Qe2 b5 18. Nb3 Nd7 19. Nfd4 Bf6 20. Rfc1 Bg7
21. Qf1 Nxd4 22. Bxd4 Bxd4 23. Nxd4 Ne5 24. Nb3 Ng4 25. g3 Qe5 26. Qe2 Qh5
27. f3 Ne5 28. f4 Qxe2 29. Bxe2 Nc4 30. Nc5 Rc7 31. Kf2 Re8 32. Rc3 Nd2 33.
Rac1 Rxc5 34. bxc5 Ne4+ 35. Ke1 Nxc3 36. Rxc3 Bc6 37. Kd2 Kf8 38. Bf3 Rd8
39. Rd3 Ke7 40. Kc2 Rd7 41. Kb3 Kd8 42. Kb4 Kc7 43. Ka5 Kb7 44. e4 dxe4 45.
Rxd7+ Bxd7 46. Bxe4+ Bc6 47. Bd3 Bd5 48. h4 f5 49. Bc2 Be6 50. Bd3 Bd5 51.
Be2 Be4 52. Bd1 Bd5 53. Bc2 Be6 54. Bd1 Bd5 55. h5 Kc6 56. Kxa6 Kxc5 57.
hxg6 hxg6 58. Ka5 Be6 59. Be2 Bd7 60. Ka6 Bc6 61. Ka7 Bd7 62. Kb7 Bc6+ 63.
Kc7 Bd5 64. Kd7 Bc4 65. Bd1 b4 66. axb4+ Kxb4 67. Ke7 Kc3 68. Kf6 Kd2 69.
Ba4 Bd3 70. Be8 Ke3 71. Bxg6 Kf3 72. Bxf5 Bc4 73. g4 Kxf4 74. g5 Bg8 75. g6
Bc4 76. g7 Bg8 77. Bg6 Kg4 78. Bf7 Bh7 79. Ke7 Kg5 80. Kf8 Kf6 81. Bb3 Kg5
82. Bc2 Bg8 83. Kxg8 Kf6 84. Kf8 Ke5 85. g8=Q Kd4 86. Bh7 Kc3 87. Qd5 Kb4
88. Ke7 Kc3 89. Kd6 Kb4 90. Qc5+ Kb3 91. Bg8+ Kb2 92. Qc4 Kb1 93. Bh7+ Kb2
94. Qc2+ Ka3 95. Qb1 Ka4 96. Kc5 Ka3 97. Kc4 Ka4 98. Qa1# {Black checkmated}
1-0

[Event "ICC tourney 2132 (75 10)"]
[Site "Internet Chess Club"]
[Date "2020.11.15"]
[Round "4"]
[White "Sricharan07"]
[Black "bopala"]
[Result "1-0"]
[ICCResult "Black checkmated"]
[WhiteElo "1851"]
[BlackElo "1851"]
[Opening "Queen's pawn, Mason variation"]
[ECO "D00"]
[NIC "QP.08"]
[Time "10:01:51"]
[TimeControl "4500+10"]

1. d4 d5 2. Bf4 Nf6 3. e3 e6 4. Nf3 c5 5. c3 Nc6 6. Nbd2 Bd6 7. Bg3 O-O 8.
Be2 Re8 9. Nb3 b6 10. O-O Qc7 11. dxc5 Bxg3 12. hxg3 bxc5 13. Nxc5 e5 14.
Nb3 Bf5 15. Rc1 Rad8 16. Bb5 h6 17. Nbd2 Qb6 18. Qa4 Bd7 19. Bxc6 Bxc6 20.
Qb3 Qc7 21. Rfd1 Qd7 22. Qc2 Qg4 23. Nh2 Qe6 24. Nhf3 Qg4 25. Nh2 Qe6 26. b3
Bb7 27. Qb1 Qc6 28. Ndf3 Kh8 29. Qb2 Qb6 30. Nf1 Kg8 31. N1h2 Kh8 32. Nh4
Kg8 33. g4 Qe6 34. Qe2 Qb6 35. Qc2 Qc6 36. N4f3 Qb6 37. g5 hxg5 38. Nxg5 Qc6
39. Ngf3 Qb6 40. Qf5 Qd6 41. Nh4 Bc8 42. Qc2 Qb6 43. Nf5 Qe6 44. Ng3 Qb6 45.
Rd2 Bb7 46. Rcd1 Qc6 47. Nf3 Qb6 48. Qf5 Qc7 49. Qc2 Qb6 50. Qb1 Qc7 51. c4
Qb6 52. cxd5 Nxd5 53. e4 Nc3 54. Rxd8 Rxd8 55. Rxd8+ Qxd8 56. Qc2 Qa5 57.
Qd2 Qc7 58. Qc2 Qa5 59. a3 Qc5 60. Qd2 Nxe4 61. Nxe4 Bxe4 62. Qd8+ Qf8 63.
Qxf8+ Kxf8 64. Nxe5 Ke7 65. f3 Bc2 66. b4 Ke6 67. Nc6 Kd6 68. Nxa7 Bd3 69.
Nc8+ Kd7 70. Nb6+ Kc6 71. Na4 Kd5 72. Kf2 Kd4 73. Nc5 Bc2 74. Ke1 Kc4 75.
Kd2 Bf5 76. g4 Bg6 77. f4 f5 78. g5 Bf7 79. Ke3 Bd5 80. Nd3 Kb3 81. b5 Kxa3
82. b6 Ka4 83. Nc5+ Kb5 84. b7 Bxb7 85. Nxb7 Kc6 86. Na5+ Kd5 87. Nb3 Kc4
88. Nd4 g6 89. Nf3 Kd5 90. Nh4 Ke6 91. Nxg6 Kf7 92. Nh4 Ke6 93. Kd4 Kd6 94.
Nxf5+ Ke6 95. Ne3 Ke7 96. Ke5 Kf7 97. Ng2 Kg7 98. f5 Kf7 99. g6+ Kg7 100.
Ne3 Kf8 101. Kf6 Kg8 102. Ng4 Kh8 103. Ne5 Kg8 104. g7 Kh7 105. Kf7 Kh6 106.
g8=Q Kh5 107. Qg3 Kh6 108. Qg6# {Black checkmated} 1-0